 Dungeon Crawl Stone Soup version 0.31-a0-819-gf6de2f5ab6 (webtiles) character file.

Game seed: 10858233532504735300

3705 qw the Skirmisher (level 10, -6/65 HPs)
             Began as a Gargoyle Hunter on Sept 23, 2023.
             Shot with an arrow by a centaur warrior (11 damage)
             ... on level 8 of the Dungeon.
             The game lasted 00:02:23 (6324 turns).

qw the Skirmisher (Gargoyle Hunter)                 Turns: 6324, Time: 00:02:23

Health: -6/65      AC: 23    Str: 14    XL:     10   Next: 14%
Magic:  10/10      EV: 13    Int: 11    God:
Gold:   63         SH:  0    Dex: 23    Spells: 9/9 levels left

rFire   + . .        Y - +3 longbow (chaos)
rCold   . . .        (shield currently unavailable)
rNeg    + . .        p - +1 ring mail {rF+}
rPois   inf          (no helmet)
rElec   +            b - +0 cloak
rCorr   .            k - +0 pair of gloves
SInv    .            l - +2 pair of boots
Will    .....        (no amulet)
Stlth   ++           n - +6 ring of dexterity
HPRegen 0.30/turn    e - +4 ring of protection
MPRegen 0.12/turn

%: no passive effects
@: no status effects
A: sickness immunity, AC +7, negative energy resistance 1, electricity
resistance, torment resistance 1, petrification resistance
a: no special abilities


You were on level 8 of the Dungeon.
You visited 2 branches of the dungeon, and saw 9 of its levels.

You collected 409 gold pieces.
You spent 346 gold pieces at shops.


Innate Abilities, Weirdness & Mutations

You are immune to sickness and miasma.
Your stone body is resilient. (AC +7)
You are immune to poison.
You resist negative energy. (rN+)
You are resistant to electric shocks. (rElec)
You are resistant to unholy torment.
You are immune to petrification.


   Skills:
 - Level 8.5 Fighting
 + Level 11.3 Ranged Weapons
 - Level 4.0 Armour
 - Level 4.0 Dodging
 - Level 1.1 Stealth


You had 9 spell levels left.
You didn't know any spells.
Your spell library was empty.

Inventory:

Hand Weapons
 Y - a +3 longbow of chaos (weapon)
Armour
 b - a +0 cloak (worn)
 g - +0 steam dragon scales
 k - a +0 pair of gloves (worn)
 l - a +2 pair of boots (worn)
 p - a +1 ring mail of fire resistance (worn)
Jewellery
 e - a +4 ring of protection (right hand)
 n - a +6 ring of dexterity (left hand)
Scrolls
 d - a scroll of identify
 j - 4 scrolls of teleportation
Potions
 a - 3 potions of curing
 c - a potion of mutation
 f - 2 potions of might
 h - a potion of enlightenment
 i - a potion of heal wounds
 m - a potion of lignification {unknown}
 q - a potion of berserk rage {unknown}

Dungeon Overview and Level Annotations

Branches:
Dungeon (8/15)             Temple (1/1) D:7
   Lair: D:8-11

Altars:
Ashenzari
Cheibriados
Dithmenos
Elyvilon
Fedhas
Gozag
Hepliaklqana
Kikubaaqudgha
Makhleb
Qazlal
Ru
Sif Muna
Trog
Uskayaw
Vehumet
Wu Jian
Xom
Yredelemnul
Zin
The Shining One

Shops:
D:2 :?!*   D:3 (   D:5 !   D:6 ?

Annotations:
D:6 1 runed translucent door, Crazy Yiuf


Message History

The howler monkey is heavily wounded.
A howler monkey comes into view.
You shoot an arrow. The arrow hits the howler monkey!
You kill the howler monkey!
You shoot an arrow. The arrow hits the howler monkey!!
The arrow freezes the howler monkey.
You kill the howler monkey!
An orc comes into view. It is wielding a +0 flail.
You shoot an arrow. The orc shouts!
The arrow hits the orc!!
You kill the orc!
You now have enough gold to buy a potion of might on D:2.
You can access your shopping list by pressing '$'.
You now have 63 gold pieces (gained 17).
You see here a howler monkey corpse.
There is a stone staircase leading up here.
A centaur warrior comes into view.
The centaur warrior shouts!
The centaur warrior wields a +0 orcbow.
The centaur warrior shoots an arrow.
The arrow hits you but does no damage.
Enter note:
Enter note: You shoot an arrow.
The arrow closely misses the centaur warrior.
The centaur warrior shoots an arrow.
The arrow hits you!!
The centaur warrior shoots an arrow.
The arrow hits you!
You shoot an arrow. The arrow hits the centaur warrior!!
The arrow burns the centaur warrior!
The centaur warrior is heavily wounded.
The centaur warrior shoots an arrow.
The arrow hits you but does no damage.
The centaur warrior shoots an arrow.
The arrow hits you!
You shoot an arrow. The arrow hits the centaur warrior!
The centaur warrior is severely wounded.
The centaur warrior shoots an arrow.
The arrow misses you.
You shoot an arrow. The arrow hits the centaur warrior.
The centaur warrior is almost dead.
The centaur warrior shoots an arrow.
The arrow hits you!!
The centaur warrior shoots an arrow.
The arrow hits you!
You die...

#################
#......#........#
##.#.#..#.#.#..#.#
..............##.#
##.#.#.##.#.#.##.#
.#.....##.....##@#
.....#####.#####......c.
.###.# #.# ..#######
..##.# #.# #... #.##.#
#.. ...# #.##.# ###
##### #.##.# ##.... .#.#


You could see a centaur warrior.

Vanquished Creatures
  Joseph (D:7)
  Prince Ribbit (D:5)
  A steam dragon (D:7)
  Duvessa (D:5)
  2 orc warriors
  2 ice beasts
  2 sky beasts (D:7)
  An ogre (D:6)
  3 centaurs
  2 phantoms (D:5)
  A kobold brigand (D:7)
  4 bullfrogs
  3 scorpions
  4 wights (D:7)
  Dowan (D:5)
  4 killer bees (D:7)
  3 vampire bats (D:7)
  4 howler monkeys
  4 crimson imps (D:6)
  3 hounds
  A gnoll bouda (D:3)
  An orc priest (D:4)
  2 sleepcaps
  5 iguanas
  3 orc wizards
  4 gnolls (D:3)
  5 adders
  2 white imps (D:7)
  2 dart slugs
  21 orcs
  5 ball pythons
  4 bat skeletons (D:7)
  A bat zombie (D:7)
  7 endoplasms
  6 giant cockroaches
  8 hobgoblins
  8 jackals
  12 kobolds
  A quokka (D:2)
  5 bats
  2 frilled lizards
  4 goblins
  5 rats
161 creatures vanquished.

Notes
Turn   | Place    | Note
-------+----------+-------------------------------------------
     0 | D:1      | qw the Gargoyle Hunter began the quest for the Orb.
     0 | D:1      | Reached XP level 1. HP: 12/12 MP: 1/1
     0 | D:1      | 0 ||| qw: Version: 0.3-a-83-gcd0e7d8
     0 | D:1      | 0 ||| qw: Game counter: 1530
     0 | D:1      | 0 ||| qw: Melee chars always use a shield: true
     0 | D:1      | 0 ||| qw: God list: Okawaru
     0 | D:1      | 0 ||| qw: Allow faded altars: false
     0 | D:1      | 0 ||| qw: Do Orc after clearing Dungeon:15 true
     0 | D:1      | 0 ||| qw: Do second Lair branch before Depths: true
     0 | D:1      | 0 ||| qw: Lair rune preference: random
     0 | D:1      | 0 ||| qw: Goals: Normal
     0 | D:1      | 0 ||| PLANNING D:1-11
    52 | D:1      | Reached XP level 2. HP: 17/17 MP: 2/2
   252 | D:1      | Reached XP level 3. HP: 21/21 MP: 3/3
   462 | D:1      | Reached skill level 5 in Ranged Weapons
   463 | D:1      | 463 ||| UPGRADING to +0 ring mail.
   473 | D:1      | 473 ||| DROPPING +0 leather armour.
   474 | D:1      | 474 ||| UPGRADING to +0 pair of boots.
   479 | D:1      | 479 ||| READING scroll labelled QIXIHE UTUN.
   480 | D:1      | 480 ||| READING scroll labelled QITYUKH FONA.
   481 | D:1      | 481 ||| READING scroll labelled MIUVOA UZXAA.
   484 | D:1      | 484 ||| READING scroll labelled EHOENO HAARRUSM.
   485 | D:1      | 485 ||| DROPPING scroll of butterflies.
   504 | D:2      | Found a glowing silver altar of Zin.
   518 | D:2      | Found Sagygg's Distillery.
   524 | D:2      | 524 ||| SHOPLISTING potion of cancellation (96 gold, have
                  | 48).
   524 | D:2      | 524 ||| BUYING potion of curing (36 gold).
   524 | D:2      | Bought a potion of curing for 36 gold pieces
   524 | D:2      | 524 ||| SHOPLISTING potion of curing (36 gold, have 12).
   524 | D:2      | 524 ||| SHOPLISTING potion of haste (120 gold, have 12).
   524 | D:2      | 524 ||| SHOPLISTING potion of might (48 gold, have 12).
   590 | D:2      | Reached skill level 1 in Armour
   600 | D:2      | Found Voxzieg's General Store.
   605 | D:2      | 605 ||| BUYING +0 cloak (58 gold).
   605 | D:2      | Bought a +0 cloak for 58 gold pieces
   605 | D:2      | 605 ||| SHOPLISTING scroll of teleportation (39 gold, have
                  | 9).
   814 | D:2      | Found Maxievol's Magic Scroll Shop.
   823 | D:2      | 823 ||| SHOPLISTING scroll of brand weapon (104 gold, have
                  | 28).
   823 | D:2      | 823 ||| BUYING scroll of identify (22 gold).
   823 | D:2      | Bought a scroll of identify for 22 gold pieces
   823 | D:2      | 823 ||| SHOPLISTING scroll of identify (22 gold, have 6).
   823 | D:2      | 823 ||| SHOPLISTING scroll of teleportation (33 gold, have
                  | 6).
   841 | D:2      | Found Hecuekh's Book Emporium.
  1361 | D:2      | 1361 ||| UPGRADING to +0 cloak.
  1366 | D:2      | 1366 ||| UPGRADING to +1 pair of boots.
  1376 | D:2      | 1376 ||| DROPPING +0 pair of boots.
  1377 | D:2      | 1377 ||| READING scroll labelled MOIMUH NAIPAQA.
  1378 | D:2      | 1378 ||| READING scroll labelled YSIAMO TOHI.
  1379 | D:2      | 1379 ||| READING 2 scrolls of identify.
  1379 | D:2      | 1379 ||| IDENTIFYING bubbling dark potion
  1451 | D:3      | 1451 ||| RETREEAATING.
  1453 | D:3      | 1453 ||| Stepping ~*~*~tactically~*~*~ (retreating).
  1455 | D:3      | 1455 ||| Stepping ~*~*~tactically~*~*~ (retreating).
  1459 | D:3      | Reached skill level 3 in Fighting
  1459 | D:3      | Reached XP level 4. HP: 25/28 MP: 4/4
  1466 | D:3      | HP: 7/28 [gnoll bouda/+0 club (5)]
  1467 | D:3      | 1467 ||| READING scroll of teleportation.
  1468 | D:3      | HP: 3/28 [gnoll bouda/+0 club (5)]
  1470 | D:3      | HP: 1/28 [gnoll bouda/+0 club (3)]
  1541 | D:3      | 1541 ||| FLEEEEING.
  1542 | D:3      | 1542 ||| FLEEEEING.
  1543 | D:3      | 1543 ||| FLEEEEING.
  1544 | D:3      | 1544 ||| FLEEEEING.
  1545 | D:3      | 1545 ||| FLEEEEING.
  1789 | D:3      | Reached XP level 5. HP: 32/32 MP: 5/5
  1832 | D:3      | Found Akekewn's Weapon Boutique.
  1838 | D:3      | 1838 ||| BUYING +0 orcbow (38 gold).
  1838 | D:3      | Bought a +0 orcbow for 38 gold pieces
  1838 | D:3      | 1838 ||| SWAPPING to +0 orcbow.
  1839 | D:3      | 1839 ||| DROPPING +0 shortbow.
  2012 | D:3      | 2012 ||| SWAPPING to +0 longbow.
  2013 | D:3      | 2013 ||| DROPPING +0 orcbow.
  2253 | D:3      | Found a faded altar of an unknown god.
  2424 | D:3      | 2424 ||| READING 2 scrolls of identify.
  2424 | D:3      | 2424 ||| IDENTIFYING murky sapphire potion
  2478 | D:4      | 2478 ||| DRINKING potion of curing.
  2478 | D:4      | 2478 ||| (to cure confusion)
  2480 | D:4      | Reached skill level 6 in Ranged Weapons
  2555 | D:4      | Reached XP level 6. HP: 37/39 MP: 6/6
  3120 | D:4      | Found a glowing golden altar of the Shining One.
  3337 | D:4      | 3337 ||| UPGRADING to +6 ring of dexterity.
  3338 | D:4      | 3338 ||| READING scroll labelled CINULUEFYU.
  3339 | D:4      | 3339 ||| READING 3 scrolls labelled LIYRAODD YDDOE.
  3340 | D:4      | 3340 ||| READING scroll labelled ZAYPTAO ONGUBY.
  3341 | D:4      | 3341 ||| DROPPING 2 scrolls of summoning.
  3345 | D:5      | Entered Level 5 of the Dungeon
  3387 | D:5      | Found Kafuntes's Distillery.
  3395 | D:5      | 3395 ||| SHOPLISTING 2 potions of enlightenment (150 gold,
                  | have 60).
  3395 | D:5      | 3395 ||| SHOPLISTING potion of cancellation (120 gold, have
                  | 60).
  3395 | D:5      | 3395 ||| BUYING potion of curing (45 gold).
  3395 | D:5      | Bought a potion of curing for 45 gold pieces
  3395 | D:5      | 3395 ||| SHOPLISTING potion of curing (45 gold, have 15).
  3395 | D:5      | 3395 ||| SHOPLISTING potion of enlightenment (75 gold, have
                  | 15).
  3395 | D:5      | 3395 ||| SHOPLISTING potion of heal wounds (75 gold, have
                  | 15).
  3469 | D:5      | Reached skill level 7 in Ranged Weapons
  3512 | D:5      | Reached XP level 7. HP: 41/44 MP: 7/7
  3737 | D:5      | Noticed Prince Ribbit
  3741 | D:5      | Killed Prince Ribbit
  3742 | D:5      | Reached skill level 8 in Ranged Weapons
  3823 | D:5      | 3823 ||| RETREEAATING.
  3826 | D:5      | 3826 ||| Stepping ~*~*~tactically~*~*~ (retreating).
  3831 | D:5      | Reached XP level 8. HP: 48/48 MP: 8/8
  3948 | D:5      | 3948 ||| READING scroll of enchant armour.
  3948 | D:5      | 3948 ||| ENCHANTING +1 pair of boots.
  3974 | D:5      | Found an opulent altar of Gozag.
  3974 | D:5      | Found a sacrificial altar of Ru.
  4102 | D:5      | 4102 ||| UPGRADING to +0 pair of gloves.
  4107 | D:5      | 4107 ||| READING 2 scrolls labelled TODDASHR JOOBB.
  4108 | D:5      | 4108 ||| READING scroll of enchant weapon.
  4108 | D:5      | 4108 ||| ENCHANTING +1 longbow.
  4109 | D:5      | 4109 ||| DRINKING 2 metallic inky potions.
  4149 | D:6      | Noticed Duvessa
  4149 | D:6      | Noticed Dowan
  4153 | D:6      | 4153 ||| STAIRDANCE
  4157 | D:5      | Killed Duvessa
  4161 | D:5      | Killed Dowan
  4162 | D:5      | Reached skill level 9 in Ranged Weapons
  4185 | D:5      | 4185 ||| UPGRADING to +2 robe.
  4195 | D:5      | 4195 ||| DROPPING +0 ring mail.
  4212 | D:6      | Found a hide-covered altar of Uskayaw.
  4213 | D:6      | Found a stormy altar of Qazlal.
  4221 | D:6      | Found a white marble altar of Elyvilon.
  4221 | D:6      | Found a burning altar of Makhleb.
  4221 | D:6      | Found a shadowy altar of Dithmenos.
  4222 | D:6      | Found a bloodstained altar of Trog.
  4222 | D:6      | Found a radiant altar of Vehumet.
  4258 | D:6      | Reached skill level 3 in Dodging
  4410 | D:6      | Reached skill level 6 in Fighting
  4580 | D:6      | Identified the +1 demon blade of the Arena {elec, Str+4}
  4589 | D:6      | Reached XP level 9. HP: 55/55 MP: 9/9
  4605 | D:6      | Found a runed translucent door.
  4606 | D:6      | Noticed Crazy Yiuf
  4670 | D:6      | Found a shimmering altar of Xom.
  4698 | D:6      | Reached skill level 10 in Ranged Weapons
  4737 | D:6      | Found Cownean's Magic Scroll Shop.
  4740 | D:6      | 4740 ||| BUYING scroll of enchant weapon (105 gold).
  4740 | D:6      | Bought a scroll of enchant weapon for 105 gold pieces
  4740 | D:6      | 4740 ||| BUYING scroll of teleportation (42 gold).
  4740 | D:6      | Bought a scroll of teleportation for 42 gold pieces
  4740 | D:6      | 4740 ||| READING scroll of enchant weapon.
  4740 | D:6      | 4740 ||| ENCHANTING +2 longbow.
  4895 | D:6      | 4895 ||| UPGRADING to +1 ring mail of fire resistance.
  4905 | D:6      | 4905 ||| DROPPING +2 robe.
  4906 | D:6      | 4906 ||| UPGRADING to +4 ring of protection.
  4907 | D:6      | 4907 ||| READING 3 scrolls of identify.
  4907 | D:6      | 4907 ||| IDENTIFYING fizzy blue potion
  4908 | D:6      | 4908 ||| READING 2 scrolls of identify.
  4908 | D:6      | 4908 ||| IDENTIFYING red potion
  4909 | D:6      | 4909 ||| DROPPING potion of magic.
  4962 | D:7      | Reached skill level 3 in Armour
  5327 | D:7      | Reached skill level 11 in Ranged Weapons
  5367 | D:7      | Found an ancient bone altar of Kikubaaqudgha.
  5525 | D:7      | Found a hazy altar of Hepliaklqana.
  5598 | D:7      | Noticed Joseph
  5607 | D:7      | Killed Joseph
  5608 | D:7      | Reached XP level 10. HP: 38/65 MP: 10/10
  5927 | D:7      | Found a staircase to the Ecumenical Temple.
  5928 | D:7      | 5928 ||| PLANNING TEMPLE
  5928 | D:7      | 5928 ||| READING scroll labelled VIBRYBUOMP.
  5938 | Temple   | Entered the Ecumenical Temple
  5939 | Temple   | 5939 ||| PLANNING D:1-11
  6073 | D:8      | 6073 ||| STAIRDANCE
  6320 | D:8      | Noticed a centaur warrior
  6324 | D:8      | HP: 5/65 [centaur warrior/arrow (18)]
  6324 | D:8      | Shot with an arrow by a centaur warrior

Levels and vault maps discovered:
D:1:      wander_arrival_peaceful_grave, layout_basic
D:2:      layout_loops_corners, basic_altar, serial_shops, shop, shop,
          nicolae_square_shop, shop, kennysheep_decorative_pillar,
          minmay_misc_feat_rows, minmay_strange_pillars
D:3:      layout_loops_corners, serial_shops, shop,
          shapermc_ecumenical_altar_totnotflames, nicolae_grassy_gnolls
D:4:      layout_basic, mainiacjoe_overflow_alcove_2, serial_glass,
          glass_columns_a, glass_columns_b, feat_on_display, feat_on_display,
          minmay_strange_pillars
D:5:      layout_loops_ring, gammafunk_temple_overflow_statue, serial_shops,
          nicolae_shop_waterfront, kennysheep_small_circle, uniq_prince_ribbit1
D:6:      layout_basic, minitemple, led_xom_imps, serial_shops,
          nicolae_shop_rolled_up, minmay_misc_feat_tower, uniq_duvessa,
          uniq_crazy_yiuf_cottage
D:7:      layout_loops_corners, kennysheep_vampire_church,
          nzn_hepliaklqana_mist_gate, minmay_temple_entry_poolview,
          minmay_misc_feat_doors, chequers_mini_garden, uniq_joseph
D:8:      layout_loops_ring, mainiacjoe_overflow_cross_hatched,
          serial_co_window_serial, co_window_corner_a, co_window_corner_a,
          co_window_paths_a, co_window_paths_a, co_window_corner_a,
          co_window_corner_cb, co_window_2corner, co_window_paths_c,
          glass_columns_a, glass_columns_a, glass_columns_a, glass_columns_a,
          serial_shops, nicolae_shop_rolling_square, chequers_garden
Temple:   nicolae_temple_bog_church

Skill      XL: |  1  2  3  4  5  6  7  8  9 10 |
---------------+-------------------------------+-----
Ranged Weapons | 5 6 7 8 9 11 | 11.3
Armour         | 1 2 4 |  4.0
Fighting       | 3 4 6 8 |  8.5
Dodging        | 2 3 4 |  4.0
Stealth        | |  1.1

Action                     |  1- 3 |  4- 6 |  7- 9 | 10-12 || total
---------------------------+-------+-------+-------+-------++-------
   Fire: Shortbow          |   107 |    46 |       |       ||   153
         Longbow           |       |   119 |   223 |    27 ||   369
         Orcbow            |       |     1 |       |       ||     1
    Use: Scroll            |     7 |     5 |     6 |     1 ||    19
         Potion            |       |     1 |     1 |       ||     2
 Armour: Leather armour    |     3 |       |       |       ||     3
         Ring mail         |    13 |   127 |    93 |     7 ||   240
         Robe              |       |       |    14 |       ||    14
  Dodge: Dodged            |    23 |    78 |    83 |     1 ||   185

Table legend:
 A = Non-vault XP
 B = Vault XP
 C = Vault XP percentage of total XP
 D = Non-vault monster count
 E = Vault monster count
 F = Vault count percentage of total count
                 A         B        C        D         E       F
            +---------+---------+-------+---------+---------+-------
      Total |    3759 |    1535 |  29.0 |     137 |      24 |  14.9
            +---------+---------+-------+---------+---------+-------
        D:1 |      41 |       0 |   0.0 |      23 |       0 |   0.0
        D:2 |      34 |       0 |   0.0 |      19 |       0 |   0.0
        D:3 |      33 |      99 |  75.0 |      13 |       5 |  27.8
        D:4 |     325 |       0 |   0.0 |      19 |       0 |   0.0
        D:5 |     463 |     593 |  56.2 |      11 |       6 |  35.3
        D:6 |     806 |     196 |  19.6 |      15 |       4 |  21.1
        D:7 |    1645 |     647 |  28.2 |      27 |       9 |  25.0
        D:8 |     412 |       0 |   0.0 |      10 |       0 |   0.0
            +---------+---------+-------+---------+---------+-------
